 Dungeon Crawl Stone Soup version 0.31-a0-145-g046c7d2 (webtiles) character file.

Game seed: 13570014803868250391

567 mezmerelda the Chopper (level 7, -3/64 HPs)
             Began as a Hill Orc Fighter on June 5, 2023.
             Slain by a cyclops (12 damage)
             ... on level 6 of the Dungeon.
             The game lasted 00:17:16 (2696 turns).

mezmerelda the Chopper (Hill Orc Fighter)           Turns: 2696, Time: 00:17:16

Health: -3/64      AC: 10    Str: 21    XL:     7   Next: 33%
Magic:  7/7        EV: 12    Int:  8    God:
Gold:   167        SH:  4    Dex: 10    Spells: 6/6 levels left

rFire   . . .        b - +4 short sword (venom)
rCold   . . .        c - +0 buckler
rNeg    . . .        j - +0 chain mail
rPois   +            (no helmet)
rElec   .            n - scarf {shadows}
rCorr   .            k - +0 pair of gloves
SInv    .            (no boots)
Will    .....        (no amulet) Stlth
                     g - +5 ring of evasion
HPRegen 0.30/turn    h - ring of poison resistance
MPRegen 0.10/turn

%: no passive effects
@: mighty
A: no striking features
a: no special abilities


You were on level 6 of the Dungeon.
You visited 1 branch of the dungeon, and saw 6 of its levels.
You also visited: Sewer.

You collected 193 gold pieces.
You spent 26 gold pieces at shops.

Inventory:

Hand Weapons
 a - a +0 war axe
 b - a +4 short sword of venom (weapon)
 w - a +3 mace
Missiles
 i - a javelin (quivered)
Armour
 c - a +0 buckler (worn)
 j - a +0 chain mail (worn)
 k - a +0 pair of gloves (worn)
 n - a scarf of shadows (worn)
Jewellery
 g - a +5 ring of evasion (left hand)
 h - a ring of poison resistance (right hand)
 m - a +5 ring of evasion
Scrolls
 o - 2 scrolls of enchant weapon {unknown}
Potions
 e - 3 potions of mutation
 f - 3 potions of cancellation {unknown}
 l - a potion of invisibility {unknown}
 p - 2 potions of heal wounds {unknown}
 q - a potion of magic {unknown}


   Skills:
 + Level 6.6 Fighting
 - Level 2.0 Short Blades
 + Level 7.4 Axes
 + Level 3.6 Armour
 - Level 3.2 Shields


You had 6 spell levels left.
You didn't know any spells.
Your spell library contained the following spells:

 Spells                   Type           Power      Damage    Failure   Level
 Sandblast                Erth           0%         2d4       98%         1
 Passwall                 Tmut/Erth      0%         N/A       99%         2
 Stone Arrow              Conj/Erth      0%         3d7       100%        3


Dungeon Overview and Level Annotations

Branches:
Dungeon (6/15)              Sewer (visited)
 Temple: D:4-7

Altars:
The Shining One

Shops:
D:1 *


Message History

You see here an adder corpse.
A scorpion comes into view.
You hit the scorpion but do no damage. The scorpion stings you.
You completely miss the scorpion.
The scorpion stings you but does no damage.
You hit the scorpion but do no damage.
The scorpion is poisoned.
The scorpion barely misses you. The scorpion attacks as you move away!
The scorpion barely misses you.
The scorpion stings you but does no damage.
The scorpion attacks as you move away!
The scorpion stings you but does no damage.
The scorpion attacks as you move away!
The scorpion stings you but does no damage.
The scorpion attacks as you move away!
The scorpion stings you but does no damage.
You kill the scorpion!
Found a stone staircase leading up.
There is a stone staircase leading up here.
f - 3 smoky inky potions (gained 1)
Found a hand axe.
Found a stone staircase leading up.
Found 5 stones.
Found a cloak.
A cyclops comes into view.
The cyclops shouts!
You feel very mighty all of a sudden.
The cyclops throws a large rock.
The large rock hits you!! The cyclops hits you!!
* * * LOW HITPOINT WARNING * * *
You see here 5 stones.
You hit the cyclops.
The cyclops is poisoned.
The cyclops is lightly wounded.
The cyclops hits you!
* * * LOW HITPOINT WARNING * * *
You puncture the cyclops!
The cyclops is moderately wounded.
You puncture the cyclops!
The cyclops looks as sick as possible!
The cyclops is heavily wounded.
The cyclops hits you!
You die...

## .. ## #. ##.###
#.#... ###.[.###
#.......# #.....C.#
..# #.....@.# #.#
###...### #.# #...#
#.# ##.## ######.##
#.## ........# #..#
.....#..### ##.# ####
..........#####.#.....
.....#............#


You could see a cyclops (extremely poisoned).

Vanquished Creatures
  2 kobold brigands (Sewer)
  2 scorpions
  A jelly (D:5)
  Terence (D:2)
  An iguana (D:6)
  4 adders
  9 river rats (Sewer)
  A white imp (D:6)
  A worm (D:2)
  2 dart slugs (D:1)
  An orc (D:6)
  4 bats
  7 endoplasms
  2 giant cockroaches (D:6)
  6 goblins
  6 hobgoblins
  2 jackals (D:1)
  21 kobolds
  6 quokkas
  12 ball pythons
  5 frilled lizards
  18 rats
114 creatures vanquished.

Notes
Turn   | Place    | Note
-------+----------+-------------------------------------------
     0 | D:1      | mezmerelda the Hill Orc Fighter began the quest for the
                  | Orb.
     0 | D:1      | Reached XP level 1. HP: 19/19 MP: 1/1
    20 | D:1      | Reached skill level 3 in Axes
    52 | D:1      | Reached XP level 2. HP: 26/26 MP: 2/2
   183 | D:1      | Reached skill level 4 in Axes
   261 | D:1      | Found Locaorph's General Store.
   264 | D:1      | Bought a scroll of identify for 26 gold pieces
   277 | D:1      | Reached XP level 3. HP: 31/31 MP: 3/3
   582 | D:1      | Reached skill level 5 in Axes
   960 | D:2      | Reached XP level 4. HP: 31/39 MP: 4/4
  1028 | D:2      | Noticed Terence
  1057 | D:2      | Killed Terence
  1058 | D:2      | Reached skill level 6 in Axes
  1385 | D:3      | Reached XP level 5. HP: 43/45 MP: 5/5
  1404 | D:3      | Found a glowing golden altar of the Shining One.
  1451 | D:5      | Entered Level 5 of the Dungeon
  1463 | D:5      | Reached skill level 1 in Short Blades
  1520 | D:5      | Reached skill level 7 in Axes
  1601 | D:5      | Noticed a hornet
  1707 | D:6      | Found a glowing drain.
  1731 | Sewer    | Entered a sewer
  1821 | Sewer    | Reached XP level 6. HP: 29/52 MP: 6/6
  2096 | Sewer    | Reached skill level 5 in Fighting
  2363 | Sewer    | Reached XP level 7. HP: 63/64 MP: 7/7
  2689 | D:6      | Noticed a cyclops
  2696 | D:6      | Slain by a cyclops

Illustrated notes

Levels and vault maps discovered:
D:1:      dpeg_arrival_court, layout_basic, serial_shops,
          nicolae_shop_tiny_real_fake_doors
D:2:      layout_rooms, corner_web_ring, uniq_terence
D:3:      layout_loops_ring, mainiacjoe_overflow_small_starburst
D:4:      layout_basic, nemelex_dance_club_becter,
          minmay_temple_entry_glassed_door
D:5:      layout_basic, grunt_ashenzari_visionary
          [grunt_ashenzari_visionary_swamp, grunt_ashenzari_visionary_spider],
          mainiacjoe_overflow_boulevard, uniq_ijyb
D:6:      layout_loops_ring, portal_sewer_entry_f

Skill      XL: |  1  2  3  4  5  6 |
---------------+-------------------+-----
Axes           | 3 4 5 6 7 |  7.4
Short Blades   | 2 |  2.0
Fighting       | 4 6 |  6.6
Armour         | |  3.6
Shields        | |  3.2

Action                     |  1- 3 |  4- 6 |  7- 9 || total
---------------------------+-------+-------+-------++-------
  Melee: War axe           |    78 |    21 |       ||    99
         Short sword       |    13 |   142 |    19 ||   174
         Mace              |     3 |       |       ||     3
  Throw: Javelin           |     2 |     1 |       ||     3
    Use: Scroll            |     1 |     4 |       ||     5
         Potion            |       |       |     1 ||     1
 Armour: Scale mail        |    24 |       |       ||    24
         Chain mail        |    15 |    62 |    12 ||    89
  Dodge: Dodged            |    48 |   104 |     8 ||   160
  Block: Buckler           |    26 |    28 |     1 ||    55

Table legend: (Time is in decaauts)
 A = Elapsed time spent in this place.
 B = Non-inter-level travel time spent in this place.
 C = Inter-level travel time spent in this place.
 D = Time resting spent in this place.
 E = Time spent auto-exploring this place.
 F = Levels seen in this place.
 G = Mean time per level.
                   A        B        C        D        E       F      G
               +--------+--------+--------+--------+--------+-----+--------+
         Total |   2730 |   2672 |     58 |    108 |   1576 |   7 |  390.0 |
       Dungeon |   2005 |   1947 |     58 |      0 |   1237 |   6 |  334.2 |
         Sewer |    725 |    725 |      0 |    108 |    339 |   1 |  725.0 |
               +--------+--------+--------+--------+--------+-----+--------+

Top non-repeatable levels by time:
     D:1: 853 daAuts
   Sewer: 725 daAuts
     D:2: 544 daAuts
     D:6: 359 daAuts
     D:5: 168 daAuts
     D:3: 62 daAuts
     D:4: 17 daAuts
